 Dungeon Crawl Stone Soup version 0.31-a0-234-gad7ace16ef (webtiles) character file.

Game seed: 14934048823457228646

343 qw the Shooter (level 6, 0/37 HPs)
             Began as a Gargoyle Hexslinger on July 9, 2023.
             Slain by a sleepcap (7 damage)
             ... on level 4 of the Dungeon.
             The game lasted 00:01:11 (2634 turns).

qw the Shooter (Gargoyle Hexslinger)                Turns: 2634, Time: 00:01:11

Health: 0/37       AC:  9    Str: 12    XL:     6   Next: 57%
Magic:  7/7        EV: 11    Int: 13    God:
Gold:   52         SH:  0    Dex: 14    Spells: 6/7 levels left

rFire   + . .        Y - +3 sling
rCold   . . .        (no shield)
rNeg    + . .        j - +2 leather armour {rF+}
rPois   inf          (no helmet)
rElec   +            (no cloak)
rCorr   .            (no gloves)
SInv    .            (no boots)
Will    .....        (no amulet)
Stlth   +            (no ring)
HPRegen 0.26/turn    (no ring)
MPRegen 0.10/turn

%: no passive effects
@: no status effects
A: sickness immunity, AC +4, negative energy resistance 1, electricity
resistance, torment resistance 1, petrification resistance
a: no special abilities


You were on level 4 of the Dungeon.
You visited 1 branch of the dungeon, and saw 4 of its levels.

You collected 132 gold pieces.
You spent 80 gold pieces at shops.


Innate Abilities, Weirdness & Mutations

You are immune to sickness and miasma.
Your stone body is resilient. (AC +4)
You are immune to poison.
You resist negative energy. (rN+)
You are resistant to electric shocks. (rElec)
You are resistant to unholy torment.
You are immune to petrification.


   Skills:
 + Level 3.4 Fighting
 - Level 6.0 Ranged Weapons
 - Level 1.5 Dodging
 - Level 1.0 Spellcasting
 - Level 2.6 Hexes


You had 6 spell levels left.
You knew the following spells:

 Your Spells              Type           Power      Damage    Failure   Level
a - Slow                  Hex            28%        N/A       12%         1

Your spell library contained the following spells:

 Spells                   Type           Power      Damage    Failure   Level
 Inner Flame              Hex/Fire       4%         N/A       52%         3
 Portal Projectile        Hex/Tloc       8%         N/A       52%         3
 Cause Fear               Hex            3%         N/A       75%         4

Inventory:

Hand Weapons
 Y - a +3 sling (weapon)
Armour
 j - a +2 leather armour of fire resistance (worn)
Scrolls
 a - a scroll of identify
Potions
 d - a potion of cancellation {unknown}
 f - 2 potions of lignification {unknown}
 i - 2 potions of curing

Dungeon Overview and Level Annotations

Branches:
Dungeon (4/15)
 Temple: D:4-7

Altars:

Shops:
D:2 [!(   D:3 !


Message History

The black bear claws you.
You shoot a sling bullet.
The sling bullet barely misses the black bear.
The hound barely misses you.
The black bear bites you but does no damage.
The black bear barely misses you. The black bear claws you.
The hound barely misses you.
You shoot a sling bullet. The sling bullet hits the black bear!
You kill the black bear!
The hound closely misses you. The hound barely misses you.
Your Ranged Weapons skill increases to level 6!
You shoot a sling bullet. The sling bullet hits the hound.
The hound is moderately wounded.
The hound bites you but does no damage.
You shoot a sling bullet.
The sling bullet closely misses the hound.
The hound bites you. The hound completely misses you.
You shoot a sling bullet. The sling bullet hits the hound!
The hound is almost dead.
The hound closely misses you. The hound bites you but does no damage.
You shoot a sling bullet.
The sling bullet barely misses the hound.
The hound misses you. The hound bites you.
You shoot a sling bullet. The sling bullet hits the hound.
You kill the hound!
You start resting.
A sleepcap comes into view.
2631 ||| FLEEEEING.
You shoot a sling bullet. The sling bullet hits the sleepcap.
The sleepcap is lightly damaged.
The sleepcap releases spores at you!
The sleepcap releases spores at you but does no damage.
You shoot a sling bullet.
The sling bullet hits the sleepcap but does no damage.
The sleepcap is lightly damaged.
The sleepcap closely misses you.
You shoot a sling bullet. The sling bullet hits the sleepcap.
The sleepcap is lightly damaged.
The sleepcap releases spores at you!
You die...

#............# ...
##............# ... .
##.(..........# ....
..#............# .?..>
#.............###.....
#...........# .......
.#.#.........##.......
........%#...f.%......
.#......##..@........
#..#.#..#...........
##..#.#..#..#...##.#.
......##.#.##....###.
. .?.#...............
###.#.######........
.###....### ##.....).#
..........# #....?..##
......###.###........#


You could see a sleepcap.

Vanquished Creatures
  A black bear (D:4)
  A jelly (D:4)
  A hound (D:4)
  An orc priest (D:3)
  A sleepcap (D:3)
  6 adders
  2 worms (D:2)
  3 dart slugs
  5 orcs (D:3)
  3 ball pythons
  6 endoplasms
  5 giant cockroaches
  4 goblins
  7 hobgoblins
  2 jackals (D:4)
  6 kobolds
  2 quokkas (D:1)
  5 bats
  4 frilled lizards
  6 rats
71 creatures vanquished.

Notes
Turn   | Place    | Note
-------+----------+-------------------------------------------
     0 | D:1      | qw the Gargoyle Hexslinger began the quest for the Orb.
     0 | D:1      | Reached XP level 1. HP: 12/12 MP: 2/2
     0 | D:1      | 0 ||| qw: Version: 0.3-a-51-g015441d
     0 | D:1      | 0 ||| qw: Game counter: 4094
     0 | D:1      | 0 ||| qw: Melee chars always use a shield: true
     0 | D:1      | 0 ||| qw: God list: Okawaru
     0 | D:1      | 0 ||| qw: Allow faded altars: false
     0 | D:1      | 0 ||| qw: Do Orc after clearing Dungeon:15 true
     0 | D:1      | 0 ||| qw: Do second Lair branch before Depths: true
     0 | D:1      | 0 ||| qw: Lair rune preference: random
     0 | D:1      | 0 ||| qw: Goals: Normal
     0 | D:1      | 0 ||| PLANNING D:1-11
    80 | D:1      | Reached XP level 2. HP: 16/16 MP: 3/3
   150 | D:1      | Reached skill level 3 in Ranged Weapons
   341 | D:1      | Reached XP level 3. HP: 16/21 MP: 4/4
   766 | D:1      | 766 ||| UPGRADING to +0 ring mail.
   776 | D:1      | 776 ||| DROPPING +0 robe.
   777 | D:1      | 777 ||| UPGRADING to +2 leather armour of fire resistance.
   787 | D:1      | 787 ||| DROPPING +0 ring mail.
   788 | D:1      | 788 ||| READING 3 scrolls labelled GUVVUUFUNG.
   789 | D:1      | 789 ||| READING scroll labelled BEXABL ZIENINT.
   790 | D:1      | 790 ||| READING scroll labelled ENICEO UNTOIXT.
   791 | D:1      | 791 ||| DRINKING 2 amethyst potions.
   792 | D:1      | 792 ||| READING 2 scrolls of identify.
   792 | D:1      | 792 ||| IDENTIFYING clear potion
   793 | D:1      | 793 ||| DROPPING scroll of poison.
   794 | D:1      | 794 ||| DROPPING potion of degeneration.
   795 | D:1      | 795 ||| DROPPING potion of brilliance.
   861 | D:2      | Found Derherim's Antique Armour Shop.
   884 | D:2      | 884 ||| SHOPLISTING cloak (126 gold, have 41).
   884 | D:2      | 884 ||| SHOPLISTING helmet (126 gold, have 41).
   884 | D:2      | 884 ||| SHOPLISTING runed leather armour (140 gold, have
                  | 41).
   940 | D:2      | Reached XP level 4. HP: 26/26 MP: 5/5
   940 | D:2      | Found Mibrahioz's Distillery.
   949 | D:2      | 949 ||| SHOPLISTING 2 potions of curing (72 gold, have 41).
   949 | D:2      | 949 ||| SHOPLISTING potion of haste (120 gold, have 41).
   949 | D:2      | 949 ||| SHOPLISTING potion of mutation (96 gold, have 41).
  1098 | D:2      | Found Mamyb's Antique Weapon Emporium.
  1122 | D:2      | Reached skill level 4 in Ranged Weapons
  1431 | D:2      | Found Kuck's Armour Boutique.
  1452 | D:2      | 1452 ||| READING scroll labelled BIBIBIT WIURR.
  1453 | D:2      | 1453 ||| READING scroll labelled IVAECW FAGIYRCH.
  2120 | D:3      | Found Cazxiaz's Distillery.
  2301 | D:3      | 2301 ||| BUYING potion of curing (30 gold).
  2301 | D:3      | Bought a potion of curing for 30 gold pieces
  2301 | D:3      | 2301 ||| SHOPLISTING potion of haste (100 gold, have 70).
  2301 | D:3      | 2301 ||| BUYING potion of heal wounds (50 gold).
  2301 | D:3      | Bought a potion of heal wounds for 50 gold pieces
  2301 | D:3      | 2301 ||| SHOPLISTING potion of might (40 gold, have 20).
  2301 | D:3      | 2301 ||| SHOPLISTING potion of mutation (80 gold, have 20).
  2301 | D:3      | 2301 ||| SHOPLISTING potion of resistance (100 gold, have
                  | 20).
  2301 | D:3      | 2301 ||| READING scroll labelled EKUOPN BAVEIMN.
  2302 | D:3      | 2302 ||| READING 2 scrolls labelled VAFEFFACVO.
  2303 | D:3      | 2303 ||| READING scroll of enchant weapon.
  2303 | D:3      | 2303 ||| ENCHANTING +2 sling.
  2304 | D:3      | 2304 ||| READING 3 scrolls labelled OCYIRA SOMYTT.
  2324 | D:3      | 2324 ||| READING scroll labelled ZOG RYAMOITE.
  2329 | D:3      | 2329 ||| READING scroll labelled ZOKLYMPA WETA.
  2330 | D:3      | 2330 ||| DROPPING 2 scrolls of torment.
  2347 | D:4      | 2347 ||| PLANNING SEWER
  2350 | D:4      | 2350 ||| STAIRDANCE
  2350 | D:4      | HP: 5/26 [orc priest/divine providence (13)]
  2352 | D:3      | 2352 ||| DRINKING potion of heal wounds.
  2367 | D:3      | Reached XP level 5. HP: 10/30 MP: 6/6
  2369 | D:3      | HP: 7/30 [orc/+0 hand axe (4)]
  2467 | D:4      | 2467 ||| STAIRDANCE
  2473 | D:3      | Reached skill level 5 in Ranged Weapons
  2560 | D:4      | Reached skill level 3 in Fighting
  2609 | D:4      | Reached XP level 6. HP: 37/37 MP: 7/7
  2617 | D:4      | Noticed a black bear
  2624 | D:4      | Killed a black bear
  2625 | D:4      | Reached skill level 6 in Ranged Weapons
  2631 | D:4      | 2631 ||| FLEEEEING.
  2632 | D:4      | HP: 6/37 [sleepcap (7)]
  2634 | D:4      | Slain by a sleepcap

Levels and vault maps discovered:
D:1:      dpeg_arrival_tiny_h, layout_basic, nicolae_houndstooth_variations
D:2:      layout_loops_cross, serial_shops, shop, nicolae_shop_gibbet_a_chance,
          nicolae_shop_just_a_little_nook,
          nicolae_shop_temple_entry_statues_fountains
D:3:      layout_loops_corners, serial_shops, nicolae_shop_waterfront,
          minmay_misc_feat_x
D:4:      layout_cave_pools, portal_sewer_entry_d

Skill      XL: |  1  2  3  4  5  6 |
---------------+-------------------+-----
Ranged Weapons | 3 4 5 6 |  6.0
Fighting       | 2 3 |  3.4
Dodging        | |  1.5
Spellcasting   | |  1.0
Hexes          | |  2.6

Action                     |  1- 3 |  4- 6 || total
---------------------------+-------+-------++-------
   Fire: Sling             |   121 |   147 ||   268
    Use: Scroll            |     4 |     8 ||    12
         Potion            |     1 |     1 ||     2
 Armour: Robe              |     8 |       ||     8
         Leather armour    |     9 |    55 ||    64
  Dodge: Dodged            |    35 |    76 ||   111

Table legend:
 A = Non-vault XP
 B = Vault XP
 C = Vault XP percentage of total XP
 D = Non-vault monster count
 E = Vault monster count
 F = Vault count percentage of total count
                 A         B        C        D         E       F
            +---------+---------+-------+---------+---------+-------
      Total |     491 |       0 |   0.0 |      71 |       0 |   0.0
            +---------+---------+-------+---------+---------+-------
        D:1 |      46 |       0 |   0.0 |      28 |       0 |   0.0
        D:2 |      73 |       0 |   0.0 |      17 |       0 |   0.0
        D:3 |     113 |       0 |   0.0 |      16 |       0 |   0.0
        D:4 |     259 |       0 |   0.0 |      10 |       0 |   0.0
            +---------+---------+-------+---------+---------+-------
